 Dungeon Sprint DCSS version 0.26-a0-652-gafc20e3620 (webtiles) character file.

Game seed: 11703646076056851951

58610 mhtbhm the Merfolkian Porcupine (level 14, -3/149 HPs)
             Began as a Merfolk Berserker on Oct 1, 2020.
             Was the Champion of Trog.
             Slain by an entropy weaver (13 damage)
             ... in the Dungeon (Sprint IX: "|||||||||||||||||||||||||||||").
             The game lasted 00:10:22 (4274 turns).

mhtbhm the Merfolkian Porcupine (Merfolk Berserker) Turns: 4274, Time: 00:10:22

Health: -3/149     AC: 10    Str: 28    XL:     14   Next: 91%
Magic:  14/14      EV: 22    Int:  6    God:    Trog [******]
Gold:   286        SH:  4    Dex: 17    Spells: 13/13 levels left

rFire    . . .     SeeInvis .   a - +8 glaive (flame)
rCold    . . .     Faith    .   (shield currently unavailable)
rNeg     . . .     Spirit   .   b - +4 scale mail "Seiqonk" {Str+3 Slay+2}
rPois    .         Reflect  .   (helmet restricted)
rElec    .         Harm     .   l - +0 cloak
rCorr    .         Rampage  .   m - +0 pair of gloves
MR       +....     NoTele   +   t - +0 pair of boots
Stlth    ++........             (no amulet)
HPRegen  0.34/turn              n - +3 ring of strength
MPRegen  0.14/turn              o - +3 ring of dexterity

@: corroded, berserk cooldown, slowed, very slow
A: change form in water, swift swim, stealthy swim, horns 1, large bone plates 1
a: Berserk, Trog's Hand, Brothers in Arms, Renounce Religion


You were in the Dungeon.
You worshipped Trog.
Trog was exalted by your worship.
You visited 1 branch You collected 1945 gold pieces.
You spent 1659 gold pieces at shops.

Inventory:

Hand Weapons
 a - a +8 glaive of flaming (weapon)
 v - a +5 vorpal bardiche
 z - the +7 spear "Gude Sita" {holy, Str+4 Dex-3}
   (You bought it in a shop in the Dungeon)

   It has been blessed by the Shining One to cause great damage to the undead
   and demons.
   It affects your strength (+4).
   It affects your dexterity (-3).
Missiles
 u - 3 throwing nets (quivered)
Armour
 b - the +4 scale mail "Seiqonk" (worn) {Str+3 Slay+2}
   (You found it in the Dungeon)

   It affects your strength (+3).
   It affects your accuracy and damage with ranged weapons and melee attacks
   (+2).
 l - a +0 cloak (worn)
 m - a +0 pair of gloves (worn)
 t - a +0 pair of boots (worn)
Jewellery
 n - a +3 ring of strength (left hand)
 o - a +3 ring of dexterity (right hand)
 A - an uncursed ring of protection from cold
 B - an uncursed ring of protection from fire
 C - an uncursed ring of see invisible
Wands
 k - a wand of iceblast (6)
 y - a wand of acid (5)
Scrolls
 h - 3 scrolls of blinking
 j - 6 scrolls of remove curse
 q - 3 scrolls of enchant weapon
 r - 4 scrolls of identify
 D - 2 scrolls of fear
Potions
 c - 5 potions of curing
 d - 4 potions of heal wounds
 e - a potion of haste
 f - 4 potions of magic
 g - a potion of berserk rage
 i - a potion of invisibility
 p - 3 potions of stabbing
Miscellaneous
 w - a tin of tremorstones (2/3)
 x - a lightning rod (4/4)


   Skills:
 + Level 25.9 Fighting
 O Level 27 Polearms
 + Level 13.6 Armour
 + Level 15.8 Dodging
 + Level 5.5 Stealth
 + Level 9.5 Evocations


You had 13 spell levels left.
You didn't know any spells.
Your spell library was empty.

Dungeon Overview and Level Annotations

Branches:
Dungeon (1/1)

Altars:
Cheibriados
Dithmenos
Elyvilon
Fedhas
Gozag
Hepliaklqana
Kikubaaqudgha
Makhleb
Nemelex Xobeh
Okawaru
Qazlal
Ru
Sif Muna
Trog
Uskayaw
Vehumet
Wu Jian
Xom
Yredelemnul
Zin
The Shining One
Beogh
Jiyva
Lugonu

Shops:
D }?}(


Innate Abilities, Weirdness & Mutations

You revert to your normal form in water.
You are very nimble and swift while swimming.
You are very stealthy in the water. (Stealth+)
You have a pair of small horns on your head.
You are partially covered in large bone plates. (SH +4)


Message History

* * * LOW HITPOINT WARNING * * *
The entropy weaver hits you but does no damage.
You block the entropy weaver's attack. The entropy weaver hits you.
* * * LOW HITPOINT WARNING * * *
Unknown command.
Okay, then.
Evoke which item? (* to show all) (? for menu, Esc to quit)
The tremorstone explodes into fragments!
The burst of rock shards engulfs the deep elf knight!! x2
The burst of rock shards engulfs the deep elf knight!
You kill the deep elf knight!
Trog accepts your kill.
Trog appreciates your killing of a magic user.
The entropy weaver hits you!
* * * LOW HITPOINT WARNING * * *
The entropy weaver hits you but does no damage.
The entropy weaver hits you.
* * * LOW HITPOINT WARNING * * *
The entropy weaver hits you!
You die...

..........))())))......!!.[[[[[[[
▓▓▓▓▓▓▓▓▓▓▓▓▓▓▓▓▓▓▓▓▓▓▓▓▓▓▓▓▓▓▓▓▓
................))...............
▓▓▓▓▓▓▓▓▓▓▓▓▓▓▓▓▓▓▓▓▓▓▓▓▓▓▓▓▓▓▓▓▓
..'.......††).....)†))).......†)'
▓▓▓▓▓▓▓▓▓▓▓▓▓▓▓▓▓▓▓▓▓▓▓▓▓▓▓▓▓▓▓▓▓
.................................
▓▓▓▓▓▓▓▓▓▓▓▓▓▓▓▓▓▓▓▓▓▓▓▓▓▓▓▓▓▓▓▓▓
.....)a@)[([+[).(..(.(((
▓▓▓▓▓▓▓▓▓▓▓▓▓▓▓▓▓▓▓▓▓▓▓▓


You could see an entropy weaver.

Vanquished Creatures
  Agnes (D)
  2 vault wardens (D)
  5 stone giants (D)
  A very ugly thing (D)
  An ironheart preserver (D)
  Azrael (D)
  3 ettins (D)
  A fire dragon (D)
  A merfolk javelineer (D)
  5 yaktaur captains (D)
  2 rakshasas (D)
  4 ice dragons (D)
  Harold (D)
  An anaconda (D)
  2 merfolk avatars (D)
  An alligator (D)
  An ogre mage (D)
  A two-headed ogre (D)
  A shock serpent (D)
  2 tengu warriors (D)
  2 orc high priests (D)
  A vampire mage (D)
  A deep elf knight (D)
  Nergalle (D)
  An unseen horror (D)
  A glowing orange brain (D)
  A harpy (shapeshifter) (D)
  A harpy (D)
  A necromancer (D)
  8 orc knights (D)
  A wolf spider (D)
  An orb spider (D)
  2 cyclopes (D)
  A deep elf mage (D)
  A salamander (shapeshifter) (D)
  A manticore (D)
  8 elephants (D)
  6 black mambas (D)
  A water nymph (D)
  A torpor snail (D)
  A guardian serpent (D)
  5 cane toads (D)
  A vault sentinel (D)
  2 komodo dragons (D)
  2 yaktaurs (D)
  A troll (D)
  A meliai (D)
  A merfolk (D)
  A jumping spider (D)
  A tyrant leech (D)
  A hornet (shapeshifter) (D)
  2 wind drakes (D)
  A hornet (D)
  A blink frog (D)
  A raiju (shapeshifter) (D)
  A snapping turtle (D)
  3 hippogriffs (D)
  3 redbacks (D)
  A spriggan (D)
  2 tarantellas (D)
  Eustachio (D)
  2 basilisks (D)
  2 yaks (D)
  2 fire elementals (D)
  3 vampire mosquitoes (D)
  3 water moccasins (D)
  4 hell hounds (D)
  2 porcupines (D)
  A sky beast (D)
  A black bear (D)
  12 orc warriors (D)
  A boggart (D)
  A necrophage (D)
  2 crocodiles (D)
  A big kobold (D)
  A bullfrog (D)
  A wight (D)
  A howler monkey (D)
  A hound (D)
  4 orc priests (D)
  5 orc wizards (D)
  An adder (D)
  2 adder skeletons (D)
  An adder zombie (D)
  A leopard gecko (D)
  4 orcs (D)
  A bat (D)
  A bat skeleton (D)
  2 giant cockroaches (D)
  A goblin (D)
  A frilled lizard (D)
  A giant cockroach zombie (D)
177 creatures vanquished.

Vanquished Creatures (collateral kills)
  4 orc high priests (D)
  2 orc knights (D)
6 creatures vanquished.

Grand Total: 183 creatures vanquished

Notes
Turn   | Place    | Note
-------+----------+-------------------------------------------
     0 | D        | mhtbhm the Merfolk Berserker began the quest for the Orb.
     0 | D        | Reached XP level 1. HP: 18/18 MP: 1/1
    17 | D        | Reached skill level 5 in Polearms
    19 | D        | Reached ** piety under Trog
    58 | D        | Noticed an orc wizard
    63 | D        | Killed an orc wizard
    63 | D        | Reached *** piety under Trog
    63 | D        | Reached skill level 5 in Fighting
    63 | D        | Reached skill level 7 in Polearms
    63 | D        | Reached XP level 2. HP: 22/27 MP: 2/2
    63 | D        | Reached XP level 3. HP: 27/33 MP: 3/3
    73 | D        | Reached **** piety under Trog
    79 | D        | Found a roughly hewn altar of Beogh.
    79 | D        | Found a snail-covered altar of Cheibriados.
    79 | D        | Found a shadowy altar of Dithmenos.
    79 | D        | Found a white marble altar of Elyvilon.
    79 | D        | Found a blossoming altar of Fedhas.
    79 | D        | Found an opulent altar of Gozag.
    80 | D        | Found a hazy altar of Hepliaklqana.
    81 | D        | Found a viscous altar of Jiyva.
    82 | D        | Found an ancient bone altar of Kikubaaqudgha.
    83 | D        | Found a corrupted altar of Lugonu.
    84 | D        | Found a burning altar of Makhleb.
    85 | D        | Found a sparkling altar of Nemelex Xobeh.
    86 | D        | Found an iron altar of Okawaru.
    87 | D        | Found a stormy altar of Qazlal.
    88 | D        | Found a sacrificial altar of Ru.
    89 | D        | Found a shimmering blue altar of Sif Muna.
    90 | D        | Found a bloodstained altar of Trog.
    91 | D        | Found a hide-covered altar of Uskayaw.
    92 | D        | Found a radiant altar of Vehumet.
    93 | D        | Found an ornate altar of the Wu Jian Council.
    94 | D        | Found a shimmering altar of Xom.
    95 | D        | Found a basalt altar of Yredelemnul.
    96 | D        | Found a glowing silver altar of Zin.
    97 | D        | Found a glowing golden altar of the Shining One.
   206 | D        | Noticed a necrophage
   206 | D        | Noticed a sky beast
   206 | D        | Noticed a big kobold
   209 | D        | Killed a big kobold
   209 | D        | Reached skill level 9 in Polearms
   209 | D        | Reached skill level 5 in Dodging
   209 | D        | Reached XP level 4. HP: 41/41 MP: 4/4
   209 | D        | Reached XP level 5. HP: 47/47 MP: 5/5
   211 | D        | Reached skill level 10 in Polearms
   219 | D        | Killed a sky beast
   219 | D        | Reached skill level 11 in Polearms
   219 | D        | Reached XP level 6. HP: 57/57 MP: 6/6
   221 | D        | Killed a necrophage
   221 | D        | Reached ***** piety under Trog
   221 | D        | Reached skill level 12 in Polearms
   223 | D        | Reached skill level 13 in Polearms
   376 | D        | Noticed a deep elf mage
   376 | D        | Noticed a basilisk
   376 | D        | Noticed a raiju
   376 | D        | Noticed a hippogriff
   380 | D        | Killed a hippogriff
   380 | D        | Received a gift from Trog
   380 | D        | Reached skill level 10 in Fighting
   380 | D        | Reached skill level 14 in Polearms
   380 | D        | Reached XP level 7. HP: 66/66 MP: 7/7
   386 | D        | Killed a deep elf mage
   386 | D        | Reached skill level 16 in Polearms
   386 | D        | Reached XP level 8. HP: 75/75 MP: 8/8
   390 | D        | Killed a raiju
   397 | D        | Reached skill level 17 in Polearms
   559 | D        | Noticed a cane toad
   559 | D        | Noticed a yak
   559 | D        | Noticed a yak
   559 | D        | Noticed a hippogriff
   562 | D        | Killed a hippogriff
   562 | D        | Reached skill level 5 in Armour
   564 | D        | Killed a yak
   568 | D        | Reached skill level 18 in Polearms
   568 | D        | Reached XP level 9. HP: 83/83 MP: 9/9
   574 | D        | Received a gift from Trog
   576 | D        | Noticed a komodo dragon
   581 | D        | Killed a cane toad
   584 | D        | Reached skill level 19 in Polearms
   587 | D        | Reached ****** piety under Trog
   594 | D        | Killed a komodo dragon
   641 | D        | Noticed a komodo dragon
   641 | D        | Noticed a cane toad
   650 | D        | Killed a cane toad
   653 | D        | Reached skill level 20 in Polearms
   656 | D        | Reached XP level 10. HP: 85/94 MP: 10/10
   668 | D        | Received a gift from Trog
   982 | D        | Noticed an elephant
   982 | D        | Noticed an elephant
   982 | D        | Noticed an elephant
   982 | D        | Noticed an elephant
   982 | D        | Noticed an elephant
   982 | D        | Noticed an elephant
   991 | D        | Killed an elephant
   991 | D        | Reached skill level 21 in Polearms
   994 | D        | Killed an elephant
  1003 | D        | Killed an elephant
  1003 | D        | Reached skill level 15 in Fighting
  1008 | D        | Killed an elephant
  1013 | D        | Killed an elephant
  1022 | D        | Killed an elephant
  1022 | D        | Reached skill level 22 in Polearms
  1023 | D        | Noticed an elephant
  1032 | D        | Killed an elephant
  1107 | D        | Noticed an elephant
  1117 | D        | Killed an elephant
  1117 | D        | Received a gift from Trog
  1117 | D        | Reached XP level 11. HP: 63/104 MP: 11/11
  1330 | D        | Noticed Harold
  1346 | D        | Killed Harold
  1452 | D        | Noticed an orc knight
  1453 | D        | Received a gift from Trog
  1473 | D        | Killed an orc knight
  1486 | D        | Received a gift from Trog
  1706 | D        | Noticed an orc knight
  1714 | D        | Killed an orc knight
  1716 | D        | Reached skill level 23 in Polearms
  1716 | D        | Reached skill level 1 in Stealth
  1728 | D        | Received a gift from Trog
  1783 | D        | Found Feunor's Weapon Boutique.
  1783 | D        | Noticed an orc high priest
  1783 | D        | Noticed an orc knight
  1783 | D        | Noticed an orc knight
  1783 | D        | Noticed an orc knight
  1783 | D        | Noticed an orc knight
  1784 | D        | Noticed an orc high priest
  1786 | D        | Noticed an orc high priest
  1789 | D        | Killed an orc knight
  1792 | D        | Killed an orc knight
  1796 | D        | Killed an orc knight
  1796 | D        | Received a gift from Trog
  1800 | D        | Killed an orc knight
  1803 | D        | Killed an orc high priest
  1812 | D        | Noticed a sun demon
  1821 | D        | Noticed an orc high priest
  1829 | D        | Killed an orc high priest
  1829 | D        | Killed an orc high priest
  1832 | D        | Noticed a soul eater
  1832 | D        | Noticed a sixfirhy
  1832 | D        | Killed an orc high priest
  1832 | D        | Received a gift from Trog
  1832 | D        | Reached skill level 24 in Polearms
  1832 | D        | Reached skill level 10 in Dodging
  1832 | D        | Reached XP level 12. HP: 33/116 MP: 12/12
  1859 | D        | Found Cyng's Gadget Shop.
  1863 | D        | Found Cunyklu's Magic Scroll Boutique.
  1863 | D        | Noticed an orc high priest
  1865 | D        | Found Plog's Gadget Shop.
  1873 | D        | Killed an orc high priest
  1873 | D        | Reached skill level 10 in Armour
  1873 | D        | Reached skill level 1 in Evocations
  1876 | D        | Noticed an orc high priest
  1885 | D        | Killed an orc high priest
  2117 | D        | Bought a scroll of enchant weapon for 75 gold pieces
  2134 | D        | Bought a tin of tremorstones (3/3) for 400 gold pieces
  2134 | D        | Bought a lightning rod (4/4) for 400 gold pieces
  2138 | D        | Bought a wand of acid (7) for 220 gold pieces
  2140 | D        | Bought a scroll of identify for 20 gold pieces
  2144 | D        | Bought the +7 spear "Gude Sita" {holy, Str+4 Dex-3} for 544
                  | gold pieces
  2183 | D        | Noticed Eustachio
  2188 | D        | Killed Eustachio
  2296 | D        | Got the +4 scale mail "Seiqonk" {Str+3 Slay+2}
  2339 | D        | Gained mutation: You have a pair of small horns on your
                  | head. [potion of mutation]
  2339 | D        | Gained mutation: You are partially covered in large bone
                  | plates. (SH +4) [potion of mutation]
  2350 | D        | Noticed a two-headed ogre
  2356 | D        | Received a gift from Trog
  2359 | D        | Noticed a tengu warrior
  2365 | D        | Killed a two-headed ogre
  2372 | D        | Killed a tengu warrior
  2375 | D        | Noticed a stone giant
  2377 | D        | Noticed a rakshasa
  2386 | D        | Killed a stone giant
  2386 | D        | Received a gift from Trog
  2386 | D        | Reached skill level 25 in Polearms
  2390 | D        | Killed a rakshasa
  2399 | D        | Noticed a rakshasa
  2430 | D        | Killed a rakshasa
  2430 | D        | Received a gift from Trog
  2434 | D        | Got a translucent halberd {god gift}
  2435 | D        | Identified the +4 halberd of Exoneration {antimagic, *Slow
                  | rN+ Str+4 Dex+4} (Trog gifted it to you in the Dungeon)
  2767 | D        | Noticed Agnes
  2780 | D        | Killed Agnes
  2896 | D        | Noticed Azrael
  2900 | D        | Reached XP level 13. HP: 127/127 MP: 13/13
  2906 | D        | Killed Azrael
  2906 | D        | Reached skill level 26 in Polearms
  2913 | D        | Received a gift from Trog
  2991 | D        | Noticed Nergalle
  3006 | D        | Killed Nergalle
  3058 | D        | Received a gift from Trog
  3125 | D        | Received a gift from Trog
  3311 | D        | Noticed a merfolk javelineer
  3314 | D        | Reached skill level 27 in Polearms
  3315 | D        | Killed a merfolk javelineer
  3315 | D        | Received a gift from Trog
  3328 | D        | Received a gift from Trog
  3388 | D        | Reached skill level 5 in Evocations
  3392 | D        | Received a gift from Trog
  3539 | D        | Noticed a yaktaur captain
  3539 | D        | Noticed a stone giant
  3539 | D        | Noticed an ettin
  3540 | D        | Noticed an ettin
  3542 | D        | Noticed a cyan very ugly thing
  3543 | D        | Killed a yaktaur captain
  3544 | D        | Killed an ettin
  3545 | D        | Reached XP level 14. HP: 120/143 MP: 14/14
  3546 | D        | Killed a stone giant
  3553 | D        | Killed a cyan very ugly thing
  3555 | D        | Received a gift from Trog
  3559 | D        | Noticed a stone giant
  3564 | D        | HP: 7/144 [stone giant/large rock (34)]
  3982 | D        | Received a gift from Trog
  4007 | D        | Killed a stone giant
  4036 | D        | Noticed a stone giant
  4038 | D        | Noticed a stone giant
  4043 | D        | Killed a stone giant
  4045 | D        | Killed a stone giant
  4045 | D        | Reached skill level 5 in Stealth
  4227 | D        | Noticed a vault warden
  4227 | D        | Noticed an ironheart preserver
  4233 | D        | Reached skill level 15 in Dodging
  4236 | D        | Received a gift from Trog
  4239 | D        | Killed an ironheart preserver
  4243 | D        | Killed a vault warden
  4256 | D        | Noticed a vault warden
  4258 | D        | Received a gift from Trog
  4263 | D        | Noticed an entropy weaver
  4265 | D        | Killed a vault warden
  4266 | D        | Received a gift from Trog
  4274 | D        | Slain by an entropy weaver

Illustrated notes

Levels and vault maps discovered:
D:        linesprint [early_d, line_temple, items_1, d_10, items_2, lair_1,
          lair_end, items_3, orc_1, orc_end, items_4, d_15, swamp_1, shoals_1,
          snake_1, spider_1, d_20, vaults_1, items_5, swamp_end, shoals_end,
          snake_end, spider_end, vaults_end, d_27, items_6, zot_1, zot_end,
          crypt_end, forest_end, elf_end, slime_end, tomb_end, abyss_end,
          pan_hell_end]

Skill      XL: |  1  2  3  4  5  6  7  8  9 10 11 12 13 14 |
---------------+-------------------------------------------+-----
Polearms       | 7 9 11 14 16 18 20 22 24 25 27 | 27.0
Dodging        | 3 5 6 7 8 9 10 11 13 15 | 15.8
Fighting       | 5 6 8 10 11 12 14 16 18 20 23 25 | 25.9
Armour         | 2 3 4 5 6 7 9 11 12 13 | 13.6
Stealth        | 2 4 5 |  5.5
Evocations     | 2 5 9 |  9.5

Action                   |  1- 3 |  4- 6 |  7- 9 | 10-12 | 13-15 || total
-------------------------+-------+-------+-------+-------+-------++-------
Melee: Spear             |    32 |       |       |       |       ||    32
       Halberd           |     2 |    18 |    64 |   121 |       ||   205
       Glaive            |       |       |       |   137 |   151 ||   288
       Headbutt          |       |       |       |    20 |    34 ||    54
       Bardiche          |       |       |       |     2 |    13 ||    15
Invok: Berserk           |     2 |     1 |     2 |     6 |     5 ||    16
       Brothers in Arms  |       |       |       |     2 |       ||     2
Evoke: Wand              |       |       |       |     5 |     1 ||     6
       Tin of tremorston |       |       |       |       |    12 ||    12
       Lightning rod     |       |       |       |       |     3 ||     3
  Use: Potion            |       |       |       |     4 |     1 ||     5
Armor: Animal skin       |     8 |       |       |       |       ||     8
       Plate armour      |       |     7 |    13 |    32 |       ||    52
       Leather armour    |       |       |       |     3 |       ||     3
       Scale mail        |       |       |       |    10 |    33 ||    43
Dodge: Dodged            |    14 |     2 |     9 |    82 |    73 ||   180
Block: Other             |       |       |       |     5 |    12 ||    17

Table legend: (Time is in decaauts)
 A = Elapsed time spent in this place.
 B = Non-inter-level travel time spent in this place.
 C = Inter-level travel time spent in this place.
 D = Time resting spent in this place.
 E = Time spent auto-exploring this place.
 F = Levels seen in this place.
 G = Mean time per level.
                   A        B        C        D        E       F      G
               +--------+--------+--------+--------+--------+-----+--------+
         Total |   4218 |   4218 |      0 |   2179 |    569 |   1 | 4218.0 |
       Dungeon |   4218 |   4218 |      0 |   2179 |    569 |   1 | 4218.0 |
               +--------+--------+--------+--------+--------+-----+--------+

Top non-repeatable levels by time:
       D: 4218 daAuts
